 Dungeon Crawl Stone Soup version 0.26-a0-631-ged93497 (webtiles) character file.

Game seed: 4869166691709683567

102 Dysjunc the Magician (level 4, -4/32 HPs)
             Began as a Gnoll Hedge Wizard on July 21, 2020.
             Was a Follower of Sif Muna.
             Slain by a hippogriff (5 damage)
             ... on level 3 of the Dungeon on Sept 12, 2020.
             The game lasted 00:13:31 (3199 turns).

Dysjunc the Magician (Gnoll Hedge Wizard)           Turns: 3199, Time: 00:13:32

Health: -4/32      AC:  2    Str: 12    XL:     4   Next: 77%
Magic:  6/13       EV: 14    Int: 18    God:    Sif Muna [*.....]
Gold:   25         SH:  0    Dex: 14    Spells: 12/17 levels left

rFire    . . .     SeeInvis .   a - +0 dagger
rCold    . . .     Faith    .   (no shield)
rNeg     . . .     Spirit   .   b - +0 robe
rPois    +         Reflect  .   c - +0 hat
rElec    .         Harm     .   (no cloak)
rCorr    .         Rampage  .   (no gloves)
MR       .....                  (no boots)
Stlth    +++.......             (no amulet)
HPRegen  0.10/turn              h - ring of poison resistance
MPRegen  0.13/turn              (no ring)

@: stab, very slightly contaminated
A: distributed training, fangs 1, strong nose
a: Channel Magic, Renounce Religion


You were on level 3 of the Dungeon.
You worshipped Sif Muna.
Sif Muna was aware of your devotion.
You visited 1 branch of the dungeon, and saw 3 of its levels.

You collected 25 gold pieces.

Inventory:

Hand Weapons
 a - a +0 dagger (weapon)
Armour
 b - a +0 robe (worn)
 c - a +0 hat (worn)
 j - a +0 leather armour
 k - a +0 chain mail
Jewellery
 h - a ring of poison resistance (left hand)
 n - an uncursed amulet of guardian spirit
Wands
 l - a wand of paralysis (5)
Scrolls
 d - a scroll of noise {unknown}
 e - a scroll of identify {unknown}
 f - a scroll of teleportation {unknown}
 g - a scroll of enchant weapon {unknown}
 i - 2 scrolls of remove curse {unknown}
 m - a scroll of amnesia {unknown}


   Skills:
 + Level 1.2 Fighting
 + Level 1.2 Short Blades
 + Level 1.2 Long Blades
 + Level 1.2 Axes
 + Level 1.2 Maces & Flails
 + Level 1.2 Polearms
 + Level 1.2 Staves
 + Level 1.2 Slings
 + Level 1.2 Bows
 + Level 1.2 Crossbows
 + Level 1.2 Throwing
 + Level 1.2 Armour
 + Level 4.7 Dodging
 + Level 4.3 Stealth
 + Level 1.2 Shields
 + Level 1.2 Unarmed Combat
 + Level 7.2 Spellcasting
 + Level 2.3 Conjurations
 + Level 1.0 Hexes
 + Level 2.3 Summonings
 + Level 1.0 Necromancy
 + Level 2.3 Translocations
 + Level 1.0 Transmutations
 + Level 1.0 Fire Magic
 + Level 1.0 Ice Magic
 + Level 1.0 Air Magic
 + Level 1.0 Earth Magic
 + Level 1.0 Poison Magic
 + Level 1.3 Invocations
 + Level 1.2 Evocations


You had 12 spell levels left.
You knew the following spells:

 Your Spells              Type           Power        Failure   Level
a - Blink                 Tloc           N/A          6%          2
q - Call Imp              Summ           ##......     6%          2
z - Magic Dart            Conj           ##..         4%          1

Your spell library contained the following spells:

 Spells                   Type           Power        Failure   Level
 Slow                     Hex            ##......     11%         2
 Conjure Flame            Conj/Fire      ##......     16%         3
 Mephitic Cloud           Conj/Pois/Air  ##......     17%         3


Dungeon Overview and Level Annotations

Branches:
Dungeon (3/15)

Altars:
Ashenzari
Okawaru
Sif Muna
Trog
Uskayaw
The Shining One


Innate Abilities, Weirdness & Mutations

Your experience applies equally to all skills.
You have very sharp teeth.
Your uncanny sense of smell can sniff out nearby items.


Message History

The hippogriff is moderately wounded.
The hippogriff bites you! The hippogriff pecks you. The hippogriff claws you.
Your crimson imp blinks!
You hit the hippogriff.
The hippogriff is moderately wounded.
Your crimson imp hits the hippogriff.
The hippogriff bites you.
* * * LOW HITPOINT WARNING * * *
The hippogriff pecks you.
* * * LOW HITPOINT WARNING * * *
The hippogriff claws you!
* * * LOW HITPOINT WARNING * * *
Your crimson imp hits the hippogriff but does no damage.
Things that are here:
a +0 war axe; a cursed +0 ring mail
Casting: Call Imp (safe; 6% risk of failure)
Confirm with . or Enter, or press ? or * to list all spells.
You miscast Blink.
You are very lightly contaminated with residual magic.
Nothing appears to happen.
The hippogriff bites you.
You die...

#.........#
#.........#
#.........#
#........H#
..$.......
#.....5.
#....)## #5H#
##@# #)# #[## #
#.†# .# ##.# ..
l# #.# .. ...
#.# .# #.# #)#
###..#
#..####.###.^.#


You could see a hippogriff and 2 friendly crimson imps.

Vanquished Creatures
  An orc wizard (D:3)
  An adder (D:2)
  A worm (D:2)
  4 dart slugs
  An orc (D:3)
  4 giant cockroaches
  2 goblins (D:1)
  7 hobgoblins
  3 jackals (D:1)
  3 kobolds (D:1)
  A ball python (D:2)
  4 bats
  4 frilled lizards
  8 rats
44 creatures vanquished.

Vanquished Creatures (collateral kills)
  A leopard gecko (D:3)
  6 orcs (D:3)
  A hobgoblin (D:3)
  4 jackals
  A goblin (D:3)
13 creatures vanquished.

Grand Total: 57 creatures vanquished

Notes
Turn   | Place    | Note
-------+----------+-------------------------------------------
     0 | D:1      | Dysjunc the Gnoll Hedge Wizard began the quest for the Orb.
     0 | D:1      | Reached XP level 1. HP: 13/13 MP: 8/8
   275 | D:1      | Reached XP level 2. HP: 19/19 MP: 6/10
   312 | D:1      | Learned a level 2 spell: Blink
   315 | D:1      | Learned a level 2 spell: Call Imp
   317 | D:1      | Upgraded the game from 0.26-a0-389-g5bc9781 to
                  | 0.26-a0-566-gbc9326e
   317 | D:1      | Upgraded the game from 0.26-a0-566-gbc9326e to
                  | 0.26-a0-610-g3e9335b
   691 | D:1      | Upgraded the game from 0.26-a0-610-g3e9335b to
                  | 0.26-a0-631-ged93497
   831 | D:1      | Reached XP level 3. HP: 17/25 MP: 8/11
  1555 | D:2      | Found a shimmering blue altar of Sif Muna.
  1568 | D:2      | Became a worshipper of Sif Muna the Loreminder
  1728 | D:2      | Found a bloodstained altar of Trog.
  1749 | D:2      | Reached skill level 1 in Invocations
  1787 | D:2      | Found an iron altar of Okawaru.
  2240 | D:2      | Reached skill level 1 in Fighting
  2240 | D:2      | Reached skill level 1 in Short Blades
  2240 | D:2      | Reached skill level 1 in Long Blades
  2240 | D:2      | Reached skill level 1 in Axes
  2240 | D:2      | Reached skill level 1 in Maces & Flails
  2240 | D:2      | Reached skill level 1 in Polearms
  2240 | D:2      | Reached skill level 1 in Staves
  2240 | D:2      | Reached skill level 1 in Slings
  2240 | D:2      | Reached skill level 1 in Bows
  2240 | D:2      | Reached skill level 1 in Crossbows
  2240 | D:2      | Reached skill level 1 in Throwing
  2240 | D:2      | Reached skill level 1 in Armour
  2240 | D:2      | Reached skill level 1 in Shields
  2240 | D:2      | Reached skill level 1 in Unarmed Combat
  2240 | D:2      | Reached skill level 1 in Evocations
  2452 | D:2      | Reached XP level 4. HP: 32/32 MP: 13/13
  2591 | D:2      | Found a glowing golden altar of the Shining One.
  2591 | D:2      | Found a shattered altar of Ashenzari.
  2731 | D:2      | Found a hide-covered altar of Uskayaw.
  2950 | D:3      | Reached * piety under Sif Muna
  3076 | D:3      | Reached skill level 1 in Hexes
  3076 | D:3      | Reached skill level 1 in Necromancy
  3076 | D:3      | Reached skill level 1 in Transmutations
  3076 | D:3      | Reached skill level 1 in Fire Magic
  3076 | D:3      | Reached skill level 1 in Ice Magic
  3076 | D:3      | Reached skill level 1 in Air Magic
  3076 | D:3      | Reached skill level 1 in Earth Magic
  3076 | D:3      | Reached skill level 1 in Poison Magic
  3189 | D:3      | Noticed a hippogriff
  3197 | D:3      | HP: 1/32 [hippogriff (7)]
  3199 | D:3      | Slain by a hippogriff

Illustrated notes

Levels and vault maps discovered:
D:1:      heliophobic_arrival_enchanted_forest, layout_loops_ring
D:2:      layout_loops_ring, lemuel_round_altar, gammafunk_temple_overflow_wave,
          lemuel_coloured_pillars_altar, minitemple, grunt_decor_fettered
D:3:      layout_rooms, grunt_ministairs_15, st_stairs_7

Skill      XL: |  1  2  3  4 |
---------------+-------------+-----
Conjurations   | 2 |  2.3
Summonings     | 2 |  2.3
Translocations | 2 |  2.3
Invocations    | 1 |  1.3
Fighting       | 1 |  1.2
Short Blades   | 1 |  1.2
Long Blades    | 1 |  1.2
Axes           | 1 |  1.2
Maces & Flails | 1 |  1.2
Polearms       | 1 |  1.2
Staves         | 1 |  1.2
Slings         | 1 |  1.2
Bows           | 1 |  1.2
Crossbows      | 1 |  1.2
Throwing       | 1 |  1.2
Armour         | 1 |  1.2
Shields        | 1 |  1.2
Unarmed Combat | 1 |  1.2
Evocations     | 1 |  1.2
Hexes          | 1 |  1.0
Necromancy     | 1 |  1.0
Transmutations | 1 |  1.0
Fire Magic     | 1 |  1.0
Ice Magic      | 1 |  1.0
Air Magic      | 1 |  1.0
Earth Magic    | 1 |  1.0
Poison Magic   | 1 |  1.0
Dodging        | |  4.7
Stealth        | |  4.3
Spellcasting   | |  7.2

Action                   |  1- 3 |  4- 6 || total
-------------------------+-------+-------++-------
Melee: Dagger            |   140 |    44 ||   184
       Bite              |    12 |     3 ||    15
 Cast: Magic Dart        |    36 |     8 ||    44
       Blink             |     3 |     1 ||     4
       Call Imp          |     3 |    10 ||    13
  Use: Potion            |     1 |     2 ||     3
 Stab: Sleeping          |     6 |       ||     6
Armor: Robe              |    23 |     3 ||    26
Dodge: Dodged            |   123 |    29 ||   152

Table legend: (Time is in decaauts)
 A = Elapsed time spent in this place.
 B = Non-inter-level travel time spent in this place.
 C = Inter-level travel time spent in this place.
 D = Time resting spent in this place.
 E = Time spent auto-exploring this place.
 F = Levels seen in this place.
 G = Mean time per level.
                   A        B        C        D        E       F      G
               +--------+--------+--------+--------+--------+-----+--------+
         Total |   3192 |   3117 |     75 |    982 |   1474 |   3 | 1064.0 |
       Dungeon |   3192 |   3117 |     75 |    982 |   1474 |   3 | 1064.0 |
               +--------+--------+--------+--------+--------+-----+--------+

Top non-repeatable levels by time:
     D:1: 1547 daAuts
     D:2: 1366 daAuts
     D:3: 277 daAuts
